 Dungeon Crawl Stone Soup version 0.31-a0-632-g766dd24fdf (webtiles) character file.

Game seed: 16702637118641029524

37690 Jackthecabe the Arsonist (level 13, -8/108 HPs)
             Began as a Mummy Fire Elementalist on Aug 26, 2023.
             Was an Elder of Ashenzari.
             Mangled by a spriggan rider
             ... wielding a +0 spear
              (15 damage)
             ... on level 5 of the Lair of Beasts.
             The game lasted 01:02:58 (17602 turns).

Jackthecabe the Arsonist (Mummy Fire Elementalist) Turns: 17602, Time: 01:02:58

Health: -8/108     AC: 12    Str: 12    XL:     13   Next: 59%
Magic:  22/22      EV: 13    Int: 30    God:    Ashenzari [****..]
Gold:   888        SH:  5    Dex: 13    Spells: 12/24 levels left

rFire   . . .        n - +2 short sword of the Restrained Disgust {venom, Bglg, Dev} (curse)
rCold   + . .        D - +0 buckler "Wadykoitu" {rElec rF+ Int+6}
rNeg    + + +        A - +2 acid dragon scales
rPois   ∞            u - +2 helmet "Bound Together" {Self, Bglg} (curse)
rElec   +            z - scarf of Supernal Wisdom {repulsion, Cun, Melee} (curse)
rCorr   +            (no gloves)
SInv    +            q - +0 pair of boots "Ensconced Jealousy" {Bglg, Cun} (curse)
Will    +....        k - amulet of the Gnostic Sybil {RegenMP, Dev, Melee} (curse)
Stlth   ++           Z - ring of Supernal Knowledge {Wiz, Fort, Elem} (curse)
HPRegen 0.38/turn    I - ring of the Fated Vision {Int+6, Comp, Bglg} (curse)
MPRegen 0.58/turn

%: repel missiles, clarity, faith, wizardry (x1)
@: no status effects
A: cold resistance 1, negative energy resistance 3, torment resistance 2, heat
vulnerability 1, in touch with death 2, no potions, faith
a: Renounce Religion, Curse Item, Shatter the Chains


You were on level 5 of the Lair of Beasts.
You worshipped Ashenzari.
Ashenzari was greatly pleased with you.
You visited 3 branches of the dungeon, and saw 17 of its levels.
You also visited: Sewer.

You collected 888 gold pieces.


Innate Abilities, Weirdness & Mutations

You are immune to poison.
Your flesh is cold resistant. (rC+)
You are immune to negative energy. (rN+++)
You are immune to unholy pain and torment.
You are vulnerable to heat. (rF-)
You are strongly in touch with the powers of death.
You do not drink.
You have a special connection with the divine. (Faith)


   Skills:
 - Level 10.2(12.0) Fighting
 - Level 4.0(6.4) Dodging
 - Level 1.5(3.3) Stealth
 - Level 3.4(5.1) Shields
 - Level 4.3(6.0) Spellcasting
 - Level 7.2(11.6) Conjurations
 + Level 12.2(13.9) Fire Magic
 - Level 6.2(8.0) Ice Magic
 - Level 6.2(8.0) Air Magic
 - Level 5.0(7.6) Evocations


You had 12 spell levels left.
You knew the following spells:

 Your Spells              Type           Power      Damage    Failure   Level
c - Freezing Cloud        Conj/Ice/Air   29%        6-21      2%          5
f - Foxfire               Conj/Fire      100%       2x1d9     1%          1
X - Scorch                Fire           100%       2d9       1%          2
Y - Flame Wave            Conj/Fire      72%        2d16      1%          4

Your spell library contained the following spells:

 Spells                   Type           Power      Damage    Failure   Level
 Kiss of Death            Conj/Necr      100%       2d13      1%          1
 Poisonous Vapours        Pois/Air       66%        N/A       1%          2
 Ignite Poison            Fire/Tmut/Pois 37%        N/A       1%          3
 Inner Flame              Hex/Fire       52%        N/A       1%          3
 Mephitic Cloud           Conj/Pois/Air  48%        N/A       1%          3
 Volatile Blastmotes      Fire/Tloc      100%       2d18      1%          3
 Sticky Flame             Conj/Fire      72%        2d9       1%          4
 Slow                     Hex            48%        N/A       3%          1
 Necrotise                Necr           92%        1d8       4%          1
 Summon Small Mammal      Summ           40%        N/A       4%          1
 Confusing Touch          Hex            12%        N/A       11%         3
 Gell's Gravitas          Tloc           12%        N/A       11%         3
 Summon Guardian Golem    Hex/Summ       11%        N/A       11%         3
 Teleport Other           Tloc           12%        N/A       11%         3
 Call Canine Familiar     Summ           10%        N/A       12%         3
 Vampiric Draining        Necr           23%        2d7       12%         3
 Anguish                  Hex/Necr       13%        N/A       32%         4
 Cause Fear               Hex            6%         N/A       32%         4
 Leda's Liquefaction      Hex/Erth       5%         N/A       32%         4
 Dispel Undead            Necr           23%        3d12      36%         4
 Ignition                 Fire           37%        3d11      65%         8
 Agony                    Necr           23%        N/A       69%         5
 Dispersal                Tloc           6%         N/A       99%         6
 Enfeeble                 Hex            6%         N/A       100%        7

Inventory:

Hand Weapons
 n - the cursed +2 short sword of the Restrained Disgust (weapon) {venom, Bglg, Dev}
   (You took it off an orc on level 4 of the Dungeon)

   It has a curse which improves the following skills: Beguiling: Conjurations,
   Hexes and Translocations.
   Devices:   Evocations.
 s - a +6 hand axe
Missiles
 d - 7 curare-tipped darts {=f}
Armour
 q - the cursed +0 pair of boots "Ensconced Jealousy" (worn) {Bglg, Cun}
   (You found it on level 8 of the Dungeon)

   It has a curse which improves the following skills: Beguiling: Conjurations,
   Hexes and Translocations.
   Cunning:   Dodging and Stealth.
 u - the cursed +2 helmet "Bound Together" (worn) {Self, Bglg}
   (You found it on level 7 of the Dungeon)

   It has a curse which improves the following skills: Introspection: Fighting
   and Spellcasting.
   Beguiling: Conjurations, Hexes and Translocations.
 z - the cursed scarf of Supernal Wisdom (worn) {repulsion, Cun, Melee}
   (You found it on level 10 of the Dungeon)

   It has a curse which improves the following skills: Cunning: Dodging and
   Stealth.
   Melee Combat: Short Blades, Long Blades, Axes, Maces & Flails, Polearms,
   Staves and Unarmed Combat.
 A - +2 acid dragon scales (worn)
 D - the +0 buckler "Wadykoitu" (worn) {rElec rF+ Int+6}
   (You acquired it on level 1 of the Lair of Beasts)

   Int+6:     It affects your intelligence (+6).
   rF+:       It protects you from fire.
   rElec:     It insulates you from electricity.
Jewellery
 k - the cursed amulet of the Gnostic Sybil (around neck) {RegenMP, Dev, Melee}
   (You found it on level 4 of the Dungeon)

   [amulet of magic regeneration]

   RegenMP:   It increases your rate of magic regeneration.
   It has a curse which improves the following skills: Devices: Evocations.
   Melee Combat: Short Blades, Long Blades, Axes, Maces & Flails, Polearms,
   Staves and Unarmed Combat.
 v - a ring of see invisible
 C - a ring of protection from cold
 F - a ring of protection from fire
 I - the cursed ring of the Fated Vision (right hand) {Int+6, Comp, Bglg}
   (You found it on level 2 of the Dungeon)

   [ring of intelligence]

   Int+6:     It affects your intelligence (+6).
   It has a curse which improves the following skills: Companions: Summonings
   and Necromancy.
   Beguiling: Conjurations, Hexes and Translocations.
 L - a ring of flight
 Z - the cursed ring of Supernal Knowledge (left hand) {Wiz, Fort, Elem}
   (You found it on level 1 of the Dungeon)

   [ring of wizardry]

   Wiz:       It improves your spell success rate.
   It has a curse which improves the following skills: Fortitude: Armour and
   Shields.
   Elements:  Fire Magic, Ice Magic, Air Magic and Earth Magic.
Wands
 i - a wand of polymorph (15)
 m - a wand of digging (8)
 r - a wand of flame (29)
 t - a wand of acid (16)
 x - a wand of roots (9)
 y - a wand of charming (22)
Scrolls
 b - a scroll of poison
 c - 2 scrolls of amnesia
 e - 2 scrolls of fear
 f - 4 scrolls of immolation
 g - 5 scrolls of teleportation {@r2}
 h - 5 scrolls of enchant weapon
 j - a scroll of blinking
 l - a scroll of brand weapon
 o - a scroll of fog
 p - 3 scrolls of vulnerability
 w - a scroll of summoning

Dungeon Overview and Level Annotations

Branches:
Dungeon (11/15)            Temple (1/1) D:7            Lair (5/5) D:9
  Swamp (0/4) Lair:2       Spider (0/4) Lair:3        Slime (0/5) Lair:5
  Sewer (visited)
    Orc: D:9-12

Altars:
Ashenzari
Cheibriados
Dithmenos
Fedhas
Gozag
Hepliaklqana
Kikubaaqudgha
Makhleb
Nemelex Xobeh
Okawaru
Qazlal
Ru
Sif Muna
Trog
Uskayaw
Vehumet
Wu Jian
Xom
Yredelemnul

Shops:
D:2 *   D:9 :

Annotations:
D:2 Terence
D:5 3 runed translucent doors, GoodGuyCap's ghost, novice OpSh; riellis1's ghost, novice FoFi
D:6 2 transporters, zenocrate's ghost, novice OpSh
D:8 1 runed translucent door, abessonov's ghost, novice AtBe
D:10 1 runed translucent door, SirDiesAlot's ghost, journeyman OpSh
D:11 exclusion: ugly thing
Lair:3 exclusion: downstairs

{{*,,,,#..* ##...).....#
###,{,,#.#####.........#
l.#,,{{#...##.........##
..+,,,,#........{.#.###
†.######........####.#
†††.†........##..#####
..†...##.....#..i.#
.......#........h.##
.......##...####@..#
......##...÷÷##...##
.......#.#.....#...## ##
.......##...........# #.
#...#..###...#<.....#
####
###..####....#.#...##
#.#. **** #.....###..##
###.. ##....####..#
##P... ##....####.##
#.....


You could see a spriggan rider and a wolf.


Message History

The spriggan rider hits you from afar with a +0 spear!
The wolf barely misses you. The wolf attacks as it pursues you!
The wolf bites you but does no damage.
The spriggan rider attacks as it pursues you!
The spriggan rider hits you from afar with a +0 spear.
The wolf misses you.
The spriggan rider hits you from afar with a +0 spear!
* * * LOW HITPOINT WARNING * * *
The wolf bites you.
* * * LOW HITPOINT WARNING * * *
The wolf closely misses you. You block the spriggan rider's attack.
The wolf attacks as it pursues you! You block the wolf's attack.
The wolf bites you!
* * * LOW HITPOINT WARNING * * *
The spriggan rider attacks as it pursues you!
The spriggan rider hits you from afar with a +0 spear!
* * * LOW HITPOINT WARNING * * *
The wolf attacks as it pursues you! The wolf bites you but does no damage.
The wolf bites you.
* * * LOW HITPOINT WARNING * * *
The spriggan rider hits you from afar with a +0 spear.
* * * LOW HITPOINT WARNING * * *
The spriggan rider attacks as it pursues you!
The spriggan rider hits you from afar with a +0 spear!
* * * LOW HITPOINT WARNING * * *
The wolf attacks as it pursues you! The wolf bites you!
* * * LOW HITPOINT WARNING * * *
The spriggan rider attacks as it pursues you!
The spriggan rider hits you from afar with a +0 spear!
You die...

Skill      XL: |  1  2  3  4  5  6  7  8  9 10 11 12 13 |
---------------+----------------------------------------+-----
Conjurations   | 1 2 3 4 6 7 |  7.2
Fire Magic     | 3 4 5 6 8 9 12 | 12.2
Spellcasting   | 3 4 |  4.3
Fighting       | 2 5 6 7 10 | 10.2
Evocations     | 2 4 5 |  5.0
Dodging        | 4 |  4.0
Ice Magic      | 1 6 |  6.2
Air Magic      | 1 6 |  6.2
Shields        | 3 |  3.4
Stealth        | |  1.5

Action                     |  1- 3 |  4- 6 |  7- 9 | 10-12 | 13-15 || total
---------------------------+-------+-------+-------+-------+-------++-------
  Melee: Unarmed           |     1 |       |       |       |       ||     1
         Short sword       |       |       |     1 |     6 |     1 ||     8
   Cast: Foxfire           |    46 |    66 |   218 |   205 |    47 ||   582
         Scorch            |    11 |    46 |   128 |   199 |    54 ||   438
         Flame Wave        |       |       |     7 |    19 |     2 ||    28
         Freezing Cloud    |       |       |       |    34 |    24 ||    58
 Invoke: Curse Item        |       |       |     1 |     7 |       ||     8
         Shatter the Chain |       |       |       |     1 |       ||     1
  Evoke: Wand              |       |       |       |     4 |       ||     4
    Use: Scroll            |       |     4 |     4 |     6 |     1 ||    15
 Armour: Robe              |     1 |     4 |    10 |    27 |       ||    42
         Acid dragon scale |       |       |       |    12 |    26 ||    38
  Dodge: Dodged            |     5 |     8 |    38 |   117 |    38 ||   206
         Repelled          |       |       |       |     1 |       ||     1
  Block: Buckler           |       |       |       |    16 |    15 ||    31

Levels and vault maps discovered:
D:1:      roderic_crossed_star, layout_loops_cross, minmay_pentomino_o4
D:2:      layout_loops_ring, serial_shops, nicolae_shop_trees, basic_altar,
          uniq_terence
D:3:      layout_loops_ring, grunt_temple_overflow_open,
          kennysheep_decorative_pillar, uniq_robin, uniq_natasha, uniq_ijyb
D:4:      layout_gridville, minmay_tree_intersection
D:5:      layout_cave_pools, gammafunk_ghost_cemetery,
          cheibrodos_sewer_entry_drain
D:6:      layout_rooms, gammafunk_ghost_hive, minmay_hedge_maze,
          nicolae_kite_square_tiling_tiny, serial_park_tiny_1
D:7:      layout_loops_ring, minmay_temple_entry_hall, patterned_corridor
D:8:      kennysheep_blocky_room, layout_rooms, hellmonk_ghost_happy_afterlife,
          nicolae_zen_rock_garden, kennysheep_generic_room_16
D:9:      layout_cave_pods, lair_entry_dummy, serial_shops, shop
D:10:     layout_roguey, gammafunk_ghost_grave
D:11:     layout_rooms, zin_angel
Temple:   minmay_crystal_spiral_temple
Lair:1:   layout_cave_pods, serial_bayou_shore_b, serial_bayou_shore_b
Lair:2:   beargit_carnivore_pack, layout_regular_city,
          alex1729_swamp_entry_worm_eleionoma, kennysheep_abandoned_house
Lair:3:   layout_misc_corridors, spider_nest_entry_webs, uniq_rupert
Lair:4:   layout_cave_pods
Lair:5:   minmay_lair_end_enchanted_forest, layout_cave_pods, slime_entry_1,
          eino_house_with_fridge

Notes
Turn   | Place    | Note
-------+----------+-------------------------------------------
     0 | D:1      | Jackthecabe the Mummy Fire Elementalist began the quest for
                  | the Orb.
     0 | D:1      | Reached XP level 1. HP: 13/13 MP: 4/4
   178 | D:1      | Reached skill level 1 in Conjurations
   302 | D:1      | Reached XP level 2. HP: 19/19 MP: 2/5
   344 | D:1      | Learned a level 2 spell: Scorch
   843 | D:1      | Reached skill level 3 in Fire Magic
  1009 | D:2      | Gained mutation: You are in touch with the powers of death.
                  | [Mummy growth]
  1009 | D:2      | Reached XP level 3. HP: 24/24 MP: 5/7
  1038 | D:2      | Found Redwibro's Assorted Antiques.
  1257 | D:2      | Reached skill level 2 in Conjurations
  1432 | D:2      | Reached XP level 4. HP: 30/30 MP: 2/8
  1515 | D:1      | Learned a level 4 spell: Flame Wave
  1656 | D:2      | Noticed Terence
  2194 | D:3      | Noticed Natasha
  2533 | D:3      | Noticed Robin
  2668 | D:3      | Found an ancient bone altar of Kikubaaqudgha.
  2670 | D:3      | Found a burning altar of Makhleb.
  2670 | D:3      | Found a hazy altar of Hepliaklqana.
  2673 | D:3      | Found a sacrificial altar of Ru.
  2682 | D:3      | Became a worshipper of Ru the Awakened
  2690 | D:3      | Noticed Ijyb
  2698 | D:3      | Killed Robin
  2699 | D:3      | Reached XP level 5. HP: 35/35 MP: 2/9
  2860 | D:3      | Killed Natasha
  2861 | D:3      | Reached skill level 3 in Conjurations
  2958 | D:3      | Reached skill level 4 in Fire Magic
  3001 | D:3      | Noticed an ogre
  3008 | D:3      | Killed an ogre
  3250 | D:3      | Reached XP level 6. HP: 40/41 MP: 2/10
  3337 | D:3      | Killed Ijyb
  3489 | D:3      | Reached skill level 5 in Fire Magic
  4205 | D:4      | Reached XP level 7. HP: 46/46 MP: 6/11
  4529 | D:4      | Reached skill level 6 in Fire Magic
  4529 | D:4      | Reached skill level 3 in Spellcasting
  4529 | D:4      | Reached skill level 1 in Fighting
  4626 | D:4      | Reached skill level 2 in Fighting
  4928 | D:5      | Entered Level 5 of the Dungeon
  4976 | D:5      | Found a runed translucent gate.
  4977 | D:5      | Found a runed translucent gate.
  4978 | D:5      | Found a runed translucent gate.
  5019 | D:5      | Reached skill level 4 in Conjurations
  5156 | D:5      | Noticed riellis1's ghost (novice FoFi)
  5157 | D:5      | Noticed GoodGuyCap's ghost (novice OpSh)
  5190 | D:5      | Found a glowing drain.
  5194 | D:5      | Reached XP level 8. HP: 56/56 MP: 10/12
  5199 | D:5      | Reached skill level 5 in Conjurations
  5206 | Sewer    | Entered a sewer
  5756 | D:5      | Reached skill level 6 in Conjurations
  6076 | D:5      | Reached skill level 3 in Fighting
  6264 | D:6      | Found a transporter.
  6266 | D:6      | Found a transporter.
  6267 | D:6      | Noticed zenocrate's ghost (novice OpSh)
  6294 | D:6      | Noticed a hornet
  6415 | D:6      | Reached skill level 4 in Fighting
  6473 | D:6      | Reached skill level 1 in Evocations
  6616 | D:6      | Reached skill level 2 in Evocations
  6713 | D:6      | Reached skill level 5 in Fighting
  7107 | D:7      | Reached XP level 9. HP: 68/68 MP: 9/13
  7249 | D:7      | Found a staircase to the Ecumenical Temple.
  7255 | Temple   | Entered the Ecumenical Temple
  7279 | Temple   | Fell from the grace of Ru
  7279 | Temple   | Became a worshipper of Ashenzari the Shackled
  7337 | D:7      | Reached skill level 7 in Fire Magic
  7471 | D:7      | Reached skill level 8 in Fire Magic
  7710 | D:7      | Reached skill level 6 in Fighting
  8079 | D:8      | Reached skill level 3 in Evocations
  8207 | D:8      | Found a runed translucent door.
  8214 | D:8      | Noticed abessonov's ghost (novice AtBe)
  8360 | D:8      | Reached skill level 4 in Evocations
  8436 | D:7      | Reached XP level 10. HP: 56/76 MP: 2/15
  8838 | D:8      | Noticed a deep elf pyromancer
  8917 | D:8      | Reached skill level 7 in Fighting
  8956 | D:8      | a deep elf pyromancer changed into a tarantella
  9369 | D:8      | Reached skill level 5 in Evocations
  9481 | D:9      | Reached skill level 2 in Dodging
  9531 | D:9      | Reached * piety under Ashenzari
  9568 | D:9      | Found Uwuif's Book Emporium.
  9988 | D:9      | Reached skill level 3 in Dodging
 10217 | D:9      | Found a staircase to the Lair.
 10232 | D:9      | Noticed a tengu warrior
 10238 | D:9      | Reached skill level 4 in Dodging
 10254 | D:9      | Killed a tengu warrior
 10255 | D:9      | Reached skill level 7 in Conjurations
 10671 | D:10     | Entered Level 10 of the Dungeon
 10685 | D:10     | Reached skill level 4 in Spellcasting
 10720 | D:10     | Reached ** piety under Ashenzari
 10836 | D:10     | Found a runed translucent door.
 10836 | D:10     | Noticed SirDiesAlot's ghost (journeyman OpSh)
 10897 | D:10     | Learned a level 5 spell: Freezing Cloud
 11329 | D:11     | Reached skill level 1 in Ice Magic
 11329 | D:11     | Reached skill level 1 in Air Magic
 11381 | D:11     | Reached XP level 11. HP: 54/87 MP: 13/19
 11510 | D:11     | Noticed an angel
 11592 | D:11     | Reached skill level 2 in Ice Magic
 11592 | D:11     | Reached skill level 2 in Air Magic
 11820 | D:11     | Noticed a cyan ugly thing
 11867 | D:11     | Reached *** piety under Ashenzari
 12031 | Lair:1   | Entered Level 1 of the Lair of Beasts
 12209 | Lair:1   | Reached skill level 3 in Ice Magic
 12209 | Lair:1   | Reached skill level 3 in Air Magic
 12378 | Lair:1   | Identified the +0 leather armour of Generosity {Str+5}
 12496 | Lair:1   | Reached **** piety under Ashenzari
 12694 | Lair:1   | Identified a scroll of acquirement
 12703 | Lair:1   | Reached skill level 4 in Ice Magic
 12703 | Lair:1   | Reached skill level 4 in Air Magic
 12940 | Lair:1   | Acquired the +0 buckler "Wadykoitu" {rElec rF+ Int+6}
 13127 | Lair:2   | Noticed a skyshark
 13179 | Lair:2   | Killed a skyshark
 13180 | Lair:2   | Reached skill level 5 in Ice Magic
 13180 | Lair:2   | Reached skill level 5 in Air Magic
 13548 | Lair:2   | Reached skill level 6 in Ice Magic
 13548 | Lair:2   | Reached skill level 6 in Air Magic
 13549 | Lair:2   | Reached XP level 12. HP: 97/97 MP: 14/22
 13587 | Lair:2   | Reached skill level 1 in Shields
 13625 | Lair:2   | Noticed a five-headed hydra
 13641 | Lair:2   | Found a staircase to the Swamp.
 13641 | Lair:2   | Noticed an eleionoma
 13652 | Lair:2   | Killed an eleionoma
 13652 | Lair:2   | Killed a five-headed hydra
 13653 | Lair:2   | Reached skill level 3 in Shields
 13924 | Lair:2   | Reached skill level 8 in Fighting
 14391 | Lair:3   | Reached skill level 9 in Fighting
 14422 | Lair:3   | Noticed Rupert
 14484 | Lair:3   | Noticed a death yak
 14484 | Lair:3   | Noticed a death yak
 14504 | Lair:2   | Killed a death yak
 14583 | Lair:3   | Killed a death yak
 14584 | Lair:3   | Reached skill level 10 in Fighting
 14653 | Lair:3   | Identified the -2 hat "Pireunos" {+Inv rC+ Str+6 Dex-5}
 14893 | Lair:3   | Reached skill level 9 in Fire Magic
 14967 | Lair:3   | Killed Rupert
 15105 | Lair:3   | Identified the Vellum of Skeletons and Spelunking
 15149 | Lair:3   | Found a hole to the Spider Nest.
 15458 | Lair:4   | Noticed a death yak
 15458 | Lair:4   | Noticed a death yak
 15458 | Lair:4   | Noticed a death yak
 15458 | Lair:4   | Noticed a death yak
 15458 | Lair:4   | Noticed a death yak
 15464 | Lair:3   | Killed a death yak
 15465 | Lair:3   | Gained mutation: You are strongly in touch with the powers
                  | of death. [Mummy growth]
 15465 | Lair:3   | Reached XP level 13. HP: 70/108 MP: 13/22
 15466 | Lair:3   | Reached skill level 10 in Fire Magic
 16800 | Lair:4   | Reached skill level 11 in Fire Magic
 17069 | Lair:5   | Entered Level 5 of the Lair of Beasts
 17158 | Lair:5   | Found a staircase to the Slime Pits.
 17464 | Lair:5   | Reached skill level 12 in Fire Magic
 17602 | Lair:5   | HP: 7/108 [wolf (7)]
 17602 | Lair:5   | Mangled by a spriggan rider

Vanquished Creatures
  Rupert (Lair:3)
  An eleionoma (Lair:2)
  A hydra (Lair:2)
  A tengu warrior (D:9)
  7 death yaks
  4 skysharks
  A fire crab (Lair:5)
  6 elephants
  4 black mambas
  2 torpor snails
  9 cane toads
  2 rime drakes
  12 komodo dragons
  A polar bear (Lair:4)
  A tarantella (D:8)
  3 hornets
  2 trolls
  11 blink frogs
  5 dream sheep (Lair:5)
  29 yaks
  A shadow (D:10)
  3 wyverns
  2 wraiths
  2 basilisks (Lair:5)
  A steam dragon (D:7)
  3 redbacks (Lair:3)
  11 vampire mosquitoes
  An acid dragon (D:11)
  11 water moccasins
  2 black bears
  An orc warrior (D:8)
  2 sky beasts
  9 wolves
  2 ogres
  2 centaurs (D:9)
  11 bullfrogs
  2 kobold brigands
  4 gnoll sergeants
  9 wights
  A howler monkey (D:8)
  6 hounds
  2 jellies (D:5)
  17 orc priests
  2 gnoll boudas
  2 sleepcaps (D:5)
  A hell rat (Lair:2)
  Ijyb (D:3)
  Natasha (D:3)
  5 iguanas
  10 orc wizards
  Robin (D:3)
  30 gnolls
  11 adders
  15 river rats
  A white imp (D:7)
  An ufetubus (D:5)
  A worm (D:5)
  A dart slug (D:5)
  50 orcs
  12 ball pythons
  6 bats
  6 endoplasms
  A giant cockroach (D:4)
  10 goblins
  9 hobgoblins
  2 jackals (D:4)
  7 kobolds
  2 quokkas
  7 frilled lizards
  25 rats
428 creatures vanquished.

Vanquished Creatures (collateral kills)
  18 foxfires
18 creatures vanquished.

Vanquished Creatures (others)
  978 foxfires
978 creatures vanquished.

Grand Total: 1424 creatures vanquished

Table legend: (Time is in decaauts)
 A = Elapsed time spent in this place.
 B = Non-inter-level travel time spent in this place.
 C = Inter-level travel time spent in this place.
 D = Time resting spent in this place.
 E = Time spent auto-exploring this place.
 F = Levels seen in this place.
 G = Mean time per level.
                   A        B        C        D        E       F      G
               +--------+--------+--------+--------+--------+-----+--------+
         Total |  17680 |  16898 |    782 |   2691 |  10985 |  18 |  982.2 |
       Dungeon |  11420 |  10902 |    518 |   1722 |   7083 |  11 | 1038.2 |
        Temple |    129 |    105 |     24 |     89 |      0 |   1 |  129.0 |
          Lair |   5579 |   5339 |    240 |    812 |   3563 |   5 | 1115.8 |
         Sewer |    551 |    551 |      0 |     68 |    338 |   1 |  551.0 |
               +--------+--------+--------+--------+--------+-----+--------+

Top non-repeatable levels by time:
     D:2: 1643 daAuts
  Lair:2: 1548 daAuts
  Lair:4: 1479 daAuts
     D:7: 1352 daAuts
     D:3: 1232 daAuts
     D:8: 1117 daAuts
     D:9: 1095 daAuts
     D:4: 1075 daAuts
  Lair:3: 1069 daAuts
     D:1: 1007 daAuts
  Lair:1: 949 daAuts
     D:6: 854 daAuts
    D:10: 752 daAuts
     D:5: 733 daAuts
    D:11: 556 daAuts

Table legend:
 A = Non-vault XP
 B = Vault XP
 C = Vault XP percentage of total XP
 D = Non-vault monster count
 E = Vault monster count
 F = Vault count percentage of total count
                 A         B        C        D         E       F
            +---------+---------+-------+---------+---------+-------
      Total |   47199 |    6644 |  12.3 |     348 |      80 |  18.7
            +---------+---------+-------+---------+---------+-------
        D:1 |      32 |       6 |  15.8 |      13 |       3 |  18.8
        D:2 |     130 |       7 |   5.1 |      26 |       4 |  13.3
        D:3 |     279 |      99 |  26.2 |      18 |       9 |  33.3
        D:4 |     422 |       0 |   0.0 |      29 |       0 |   0.0
        D:5 |     759 |       7 |   0.9 |      25 |       2 |   7.4
        D:6 |     778 |       0 |   0.0 |      23 |       0 |   0.0
        D:7 |    2611 |       0 |   0.0 |      44 |       0 |   0.0
        D:8 |     963 |    1013 |  51.3 |      19 |      10 |  34.5
        D:9 |    2214 |       0 |   0.0 |      14 |       0 |   0.0
       D:10 |    1351 |       0 |   0.0 |       9 |       0 |   0.0
       D:11 |    2207 |       0 |   0.0 |      14 |       0 |   0.0
     Lair:1 |    2698 |       0 |   0.0 |      12 |       0 |   0.0
     Lair:2 |   11257 |    2517 |  18.3 |      37 |      19 |  33.9
     Lair:3 |    7293 |    2356 |  24.4 |      18 |       4 |  18.2
     Lair:4 |    6348 |       0 |   0.0 |      19 |       0 |   0.0
     Lair:5 |    7857 |     499 |   6.0 |      28 |       1 |   3.4
      Sewer |       0 |     140 | 100.0 |       0 |      28 | 100.0
            +---------+---------+-------+---------+---------+-------
